 Dungeon Crawl Stone Soup version 0.23.2-1-ga50397a6bc (webtiles) character file.

Game seed: 4942272929941111528

499 Destapler the Conjurer (level 6, -2/51 HPs)
             Began as a Draconian Conjurer on May 26, 2019.
             Slain by an orc wizard
             ... wielding a +0 dagger of electrocution
              (16 damage)
             ... on level 4 of the Dungeon.
             The game lasted 00:40:37 (4467 turns).

Destapler the Conjurer (Draconian Conjurer)         Turns: 4467, Time: 00:40:37

Health: -2/51      AC:  6    Str: 10    XL:     6   Next: 94%
Magic:  1/11       EV: 13    Int: 18    God:
Gold:   71         SH:  0    Dex: 11    Spells: 6/11 levels left

rFire    . . .     SeeInvis .   l - +1 dagger (speed)
rCold    . . .     Gourm    .   (no shield)
rNeg     . . .     Faith    .   (armour unavailable)
rPois    .         Spirit   .   (helmet restricted)
rElec    .         Reflect  .   (no cloak)
rCorr    .         Harm     .   (no gloves)
MR       .....                  (no boots)
Stlth    ++........             (no amulet)
HPRegen  0.17/turn              (no ring)
MPRegen  0.12/turn              (no ring)

@: lethally poisoned (-2 -> -3)
A: unfitting armour, cold-blooded, AC +6
a: no special abilities


You were on level 4 of the Dungeon.
You were hungry.

You visited 1 branch of the dungeon, and saw 4 of its levels.

You collected 71 gold pieces.

Inventory:

Hand Weapons
 d - a +0 club
 l - a +1 dagger of speed (weapon)
Missiles
 c - 59 stones (quivered)
 f - 65 sling bullets
Wands
 k - a wand of polymorph (3)
Scrolls
 h - a scroll of enchant armour
 j - a scroll of teleportation
Potions
 e - a potion of resistance
 i - a potion of cancellation {unknown}
 o - a potion of flight
 p - a potion of magic {unknown}
Comestibles
 b - 6 rations


   Skills:
 * Level 3.4 Fighting
 + Level 2.2 Short Blades
 - Level 3.1 Dodging
 - Level 3.1 Stealth
 + Level 3.3 Spellcasting
 - Level 5.0 Conjurations
 + Level 0.5 Summonings


You had 6 spell levels left.
You knew the following spells:

 Your Spells              Type           Power        Failure   Level  Hunger
a - Magic Dart            Conj           ###.         1%          1    None
b - Searing Ray           Conj           ###...       3%          2    ##.....
c - Call Imp              Summ           #.......     19%         2    ##.....

Your spell library contained the following spells:

 Spells                   Type           Power        Failure   Level  Hunger
 Summon Small Mammal      Summ           #...         13%         1    None
 Dazzling Spray           Conj/Hex       ##....       17%         3    ###....
 Iskenderun's Mystic Bla  Conj           ###.....     21%         4    ####...
 Call Canine Familiar     Summ           #.......     36%         3    ###....
 Summon Guardian Golem    Hex/Summ       #.......     38%         3    ###....
 Force Lance              Conj/Tloc      ##......     50%         4    ####...
 Fulminant Prism          Conj/Hex       ##........   50%         4    ####...
 Summon Ice Beast         Ice/Summ       #.......     80%         4    ####...
 Summon Lightning Spire   Summ/Air       #.......     80%         4    ####...


Dungeon Overview and Level Annotations

Branches:
Dungeon (4/15)
 Temple: D:4-7

Altars:
Dithmenos


Innate Abilities, Weirdness & Mutations

Your plain brown scales are hard. (AC +6)
You cannot fit into any form of body armour.
You are cold-blooded and may be slowed by cold attacks.


Message History

Your crimson imp is frozen!
Your crimson imp dies!
You feel sick.
Found a shiny bronze wand.
You hear some strange, mumbled words.
A puff of frost appears from out of thin air!
The puff of frost hits you!
You feel sick.
You hear some strange, mumbled words.
A puff of frost appears from out of thin air!
The puff of frost hits you!
You feel sick. Something hits you.
* * * LOW HITPOINT WARNING * * *
There is a stone staircase leading down here.
Something barely misses you.
You closely miss something.
Your tail-slap misses something.
You feel sick. Something hits you but does no damage.
You hit something. Something hits you but does no damage.
You are electrocuted!
You die...

#.#.##.####..._o..##
#.......##.........#
###.##.)...)........
#.###...##.....##.
#Z###..###..#..#
#.#....##..###..#
#o.........# ..o.
########>......#...# ..##
#......#@##.##.#.... #
#.####.#.##.........
#.#.#####.##. #.#.#####.#
..# ####.#.......# ...#
#.......#######...#
####.......# #...#
..............# #...# #
......#..#....#######...#.#


You could see an orc and a quokka skeleton.

Vanquished Creatures
  2 phantoms
  A scorpion (D:4)
  A centaur skeleton (D:4)
  A bullfrog skeleton (D:2)
  Terence (D:2)
  A worker ant (D:4)
  A hound skeleton (D:3)
  Robin (D:2)
  4 adders
  2 adder skeletons (D:4)
  A worm (D:2)
  A dart slug (D:3)
  5 orcs (D:4)
  3 ball pythons
  A giant cockroach (D:2)
  15 goblins
  12 hobgoblins
  6 jackals (D:1)
  4 kobolds (D:1)
  A quokka (D:2)
  4 bats
  2 frilled lizards
  9 rats
79 creatures vanquished.

Vanquished Creatures (others)
  An orc wizard (D:4)
1 creature vanquished.

Grand Total: 80 creatures vanquished

Notes
Turn   | Place    | Note
-------+----------+-------------------------------------------
     0 | D:1      | Destapler the Draconian Conjurer began the quest for the
                  | Orb.
     0 | D:1      | Reached XP level 1. HP: 14/14 MP: 3/3
   311 | D:1      | Reached XP level 2. HP: 12/20 MP: 0/5
   705 | D:2      | Reached XP level 3. HP: 21/26 MP: 1/6
   908 | D:2      | Noticed Terence
  2204 | D:2      | Learned a level 2 spell: Searing Ray
  2223 | D:2      | Reached XP level 4. HP: 12/34 MP: 2/7
  2560 | D:2      | Killed Terence
  2636 | D:2      | Reached skill level 1 in Fighting
  2708 | D:2      | Noticed Robin
  2932 | D:2      | Reached skill level 1 in Short Blades
  3054 | D:2      | Reached XP level 5. HP: 40/40 MP: 6/9
  3070 | D:2      | Killed Robin
  3539 | D:4      | Noticed a phantom
  3801 | D:3      | Killed a phantom
  3910 | D:3      | Reached XP level 6. HP: 46/48 MP: 6/10
  4233 | D:4      | Reached skill level 5 in Conjurations
  4412 | D:4      | Learned a level 2 spell: Call Imp
  4426 | D:4      | Found a shadowy altar of Dithmenos.
  4467 | D:4      | Slain by an orc wizard

Skill      XL: |  1  2  3  4  5  6 |
---------------+-------------------+-----
Dodging        | 2 3 |  3.1
Stealth        | 2 3 |  3.1
Fighting       | 1 2 3 |  3.4
Short Blades   | 1 2 |  2.2
Spellcasting   | 3 |  3.3
Conjurations   | 5 |  5.0
Summonings     | |  0.5

Action                   |  1- 3 |  4- 6 || total
-------------------------+-------+-------++-------
Melee: Unarmed           |     8 |       ||     8
       Club              |    48 |       ||    48
       Dagger            |    14 |   115 ||   129
       Tailslap          |     6 |    10 ||    16
Throw: Stone             |       |    28 ||    28
 Cast: Magic Dart        |    46 |   108 ||   154
       Searing Ray       |     1 |     8 ||     9
       Call Imp          |       |     1 ||     1
  Use: Scroll            |       |     8 ||     8
  Eat: Chunk             |     2 |     6 ||     8
       Ration            |     1 |       ||     1
Armor: Skin              |    22 |    29 ||    51
Dodge: Dodged            |    80 |    70 ||   150
